 Dungeon Crawl Stone Soup version 0.31-a0-221-gbddc013574 (webtiles) character file.

Game seed: 8426587150941184101

112 qw the Chopper (level 4, -5/28 HPs)
             Began as a Gargoyle Fighter on July 3, 2023.
             Slain by Sigmund
             ... wielding a +3 scythe of protection
              (9 damage)
             ... on level 3 of the Dungeon.
             The game lasted 00:01:07 (2047 turns).

qw the Chopper (Gargoyle Fighter)                   Turns: 2047, Time: 00:01:08

Health: -5/28      AC: 17    Str: 22    XL:     4   Next: 95%
Magic:  4/4        EV:  8    Int:  8    God:
Gold:   9          SH:  4    Dex:  9    Spells: 3/3 levels left

rFire   . . .        Y - +0 war axe
rCold   . . .        c - +0 buckler
rNeg    + . .        j - +0 chain mail
rPois   inf          (no helmet)
rElec   +            h - +0 cloak
rCorr   .            (no gloves)
SInv    .            f - +2 pair of boots
Will    .....        (no amulet) Stlth
                     (no ring)
HPRegen 0.24/turn    (no ring)
MPRegen 0.09/turn

%: no passive effects
@: no status effects
A: sickness immunity, AC +3, negative energy resistance 1, electricity
resistance, torment resistance 1, petrification resistance
a: no special abilities


You were on level 3 of the Dungeon.
You visited 1 branch of the dungeon, and saw 3 of its levels.

You collected 152 gold pieces.
You spent 143 gold pieces at shops.


Innate Abilities, Weirdness & Mutations

You are immune to sickness and miasma.
Your stone body is resilient. (AC +3)
You are immune to poison.
You resist negative energy. (rN+)
You are resistant to electric shocks. (rElec)
You are resistant to unholy torment.
You are immune to petrification.


   Skills:
 - Level 3.2 Fighting
 + Level 4.5 Axes
 - Level 3.2 Armour
 - Level 3.2 Shields


You had 3 spell levels left.
You didn't know any spells.
Your spell library was empty.

Inventory:

Hand Weapons
 q - a +0 flail
 Y - a +0 war axe (weapon)
Missiles
 i - 5 boomerangs (quivered)
Armour
 c - a +0 buckler (worn)
 f - a +2 pair of boots (worn)
 h - a +0 cloak (worn)
 j - a +0 chain mail (worn)
Jewellery
 p - a ring of see invisible
Potions
 a - a potion of ambrosia {unknown}
 b - a potion of degeneration {unknown}
 d - a potion of might
 e - 3 potions of magic {unknown}
 g - a potion of cancellation {unknown}
 k - a potion of curing {unknown}
 l - a potion of invisibility {unknown}
 n - a potion of enlightenment {unknown}
 o - a potion of attraction {unknown}

Dungeon Overview and Level Annotations

Branches:
Dungeon (3/15)

Altars:

Shops:
D:3 *

Annotations:
D:3 Sigmund


Message History

You slash Sigmund!
Sigmund is moderately wounded.
Sigmund hits you with a +3 scythe of protection.
You slash Sigmund!
Sigmund is heavily wounded.
Sigmund zaps a wand.
The puff of flame hits you.
You barely miss Sigmund.
Sigmund is heavily wounded.
Sigmund hits you with a +3 scythe of protection.
You barely miss Sigmund.
Sigmund is heavily wounded.
Sigmund zaps a wand.
You block the puff of flame.
You closely miss Sigmund.
Sigmund is heavily wounded.
Sigmund hits you but does no damage.
You hit Sigmund.
Sigmund is severely wounded.
Sigmund hits you but does no damage.
You barely miss Sigmund.
Sigmund is severely wounded.
Sigmund closely misses you.
You hit Sigmund.
Sigmund is almost dead.
Sigmund zaps a wand.
The puff of flame hits you!
You barely miss Sigmund.
Sigmund is almost dead.
Sigmund mumbles some strange words.
Sigmund flickers and vanishes!
Deactivating autopickup; reactivate with Ctrl-A.
You completely miss something.
You hear some strange, mumbled words.
A puff of flame appears from out of thin air!
The puff of flame hits you but does no damage.
You closely miss something.
You hear a zap.
A puff of flame appears from out of thin air!
The puff of flame hits you.
You closely miss something. Something hits you!
You die...

............
#........... ###
#..........! ...#
#..........@
...#######...........
#.......##..........
#...##..##...g.#
###..##.....{####
#......##>##.@.#
###.####.##..###.#
##...# #...#.##
..#.## ...###
###.#..###.#..####
)### #.....##....#..#
<# ####...###..#..#
## ##..###....#
##)..#....###
############
#.#......#.#


There were no monsters in sight!

Vanquished Creatures
  An orc wizard (D:3)
  4 adders
  A worm (D:2)
  2 orcs (D:3)
  5 endoplasms
  A giant cockroach (D:2)
  4 goblins
  3 hobgoblins
  5 jackals
  4 kobolds
  3 quokkas
  2 ball pythons
  5 bats
  3 frilled lizards (D:1)
  3 rats
46 creatures vanquished.

Notes
Turn   | Place    | Note
-------+----------+-------------------------------------------
     0 | D:1      | qw the Gargoyle Fighter began the quest for the Orb.
     0 | D:1      | Reached XP level 1. HP: 14/14 MP: 1/1
     0 | D:1      | 0 ||| qw: Version: 0.3-a-40-ge99b1a8
     0 | D:1      | 0 ||| qw: Game counter: 508
     0 | D:1      | 0 ||| qw: Melee chars always use a shield: true
     0 | D:1      | 0 ||| qw: God list: Okawaru
     0 | D:1      | 0 ||| qw: Allow faded altars: false
     0 | D:1      | 0 ||| qw: Do Orc after clearing Dungeon:15 true
     0 | D:1      | 0 ||| qw: Do second Lair branch before Depths: true
     0 | D:1      | 0 ||| qw: Lair rune preference: random
     0 | D:1      | 0 ||| qw: Goals: Normal, Zot:1-4, Slime:5, God:TSO, Crypt,
                  | Tomb, Abyss, Pan, Hells, Win
     0 | D:1      | 0 ||| PLANNING D:1-11
    82 | D:1      | Reached skill level 2 in Axes
   269 | D:1      | Reached XP level 2. HP: 19/19 MP: 2/2
   790 | D:1      | 790 ||| UPGRADING to +0 cloak.
   795 | D:1      | 795 ||| UPGRADING to +0 chain mail.
   805 | D:1      | 805 ||| DROPPING +0 scale mail.
   806 | D:1      | 806 ||| READING scroll labelled AMIHEG HOWK.
   807 | D:1      | 807 ||| READING scroll labelled ZEODDI KASMAN.
   808 | D:1      | 808 ||| READING scroll labelled YBLIAR HUCOZ.
   874 | D:2      | Reached skill level 3 in Axes
  1006 | D:2      | Reached XP level 3. HP: 17/23 MP: 3/3
  1640 | D:2      | 1640 ||| UPGRADING to +2 pair of boots.
  1645 | D:2      | 1645 ||| READING scroll labelled USSOFYNNIJAR.
  1646 | D:2      | 1646 ||| READING scroll labelled YDGHILYA SUGUI.
  1647 | D:2      | 1647 ||| READING scroll labelled DERPHO RECIPE.
  1648 | D:2      | 1648 ||| READING scroll labelled NOKKAIP PEGOXT.
  1684 | D:3      | 1684 ||| Stepping ~*~*~tactically~*~*~ (stealth).
  1685 | D:3      | 1685 ||| Stepping ~*~*~tactically~*~*~ (stealth).
  1686 | D:3      | 1686 ||| Stepping ~*~*~tactically~*~*~ (stealth).
  1708 | D:3      | Reached XP level 4. HP: 26/28 MP: 4/4
  1722 | D:3      | Found Zucsexo's Assorted Antiques.
  1739 | D:3      | 1739 ||| BUYING 2 murky emerald potions (39 gold).
  1739 | D:3      | Bought 2 murky emerald potions for 39 gold pieces
  1739 | D:3      | 1739 ||| BUYING glowing red potion (19 gold).
  1739 | D:3      | Bought a glowing red potion for 19 gold pieces
  1739 | D:3      | 1739 ||| SHOPLISTING gold wand (88 gold, have 85).
  1739 | D:3      | 1739 ||| SHOPLISTING jewelled silver wand (88 gold, have
                  | 85).
  1739 | D:3      | 1739 ||| BUYING mace (66 gold).
  1739 | D:3      | Bought a mace for 66 gold pieces
  1739 | D:3      | 1739 ||| BUYING murky emerald potion (19 gold).
  1739 | D:3      | Bought a murky emerald potion for 19 gold pieces
  1739 | D:3      | 1739 ||| SHOPLISTING pair of ichor-stained gloves (209
                  | gold, have 0).
  1739 | D:3      | 1739 ||| SHOPLISTING potion of might (88 gold, have 0).
  1739 | D:3      | 1739 ||| SHOPLISTING scroll labelled MONIFUS ZOIP (22 gold,
                  | have 0).
  1739 | D:3      | 1739 ||| SHOPLISTING scroll labelled YCIBOM GYLESU (22
                  | gold, have 0).
  1739 | D:3      | 1739 ||| DROPPING +0 club.
  1762 | D:3      | Reached skill level 4 in Axes
  1823 | D:3      | 1823 ||| Stepping ~*~*~tactically~*~*~ (stealth).
  1825 | D:3      | 1825 ||| Stepping ~*~*~tactically~*~*~ (stealth).
  1827 | D:3      | 1827 ||| Stepping ~*~*~tactically~*~*~ (hiding).
  1828 | D:3      | 1828 ||| Stepping ~*~*~tactically~*~*~ (hiding).
  1829 | D:3      | 1829 ||| Stepping ~*~*~tactically~*~*~ (hiding).
  1831 | D:3      | 1831 ||| Stepping ~*~*~tactically~*~*~ (hiding).
  2002 | D:3      | 2002 ||| DROPPING +0 mace.
  2027 | D:3      | Noticed Sigmund
  2028 | D:3      | 2028 ||| Stepping ~*~*~tactically~*~*~ (hiding).
  2043 | D:3      | HP: 4/28 [Sigmund/puff of flame (13)]
  2047 | D:3      | Slain by Sigmund

Levels and vault maps discovered:
D:1:      erik_arrival_triangle_small, layout_basic
D:2:      layout_basic
D:3:      layout_rooms, serial_shops, shop, uniq_sigmund

Skill      XL: |  1  2  3  4 |
---------------+-------------+-----
Axes           | 2 3 4 |  4.5
Fighting       | |  3.2
Armour         | |  3.2
Shields        | |  3.2

Action                     |  1- 3 |  4- 6 || total
---------------------------+-------+-------++-------
  Melee: War axe           |   147 |    32 ||   179
  Throw: Boomerang         |       |    12 ||    12
    Use: Scroll            |     7 |       ||     7
 Armour: Scale mail        |    38 |       ||    38
         Chain mail        |    61 |    16 ||    77
  Dodge: Dodged            |    77 |     2 ||    79
  Block: Buckler           |    27 |     7 ||    34

Table legend:
 A = Non-vault XP
 B = Vault XP
 C = Vault XP percentage of total XP
 D = Non-vault monster count
 E = Vault monster count
 F = Vault count percentage of total count
                 A         B        C        D         E       F
            +---------+---------+-------+---------+---------+-------
      Total |     161 |       0 |   0.0 |      46 |       0 |   0.0
            +---------+---------+-------+---------+---------+-------
        D:1 |      29 |       0 |   0.0 |      18 |       0 |   0.0
        D:2 |      42 |       0 |   0.0 |      16 |       0 |   0.0
        D:3 |      90 |       0 |   0.0 |      12 |       0 |   0.0
            +---------+---------+-------+---------+---------+-------
